AoeStats
← KaLong

Oasis

508166304Analyzed
4v4 RM · 11d ago on Sep 21, 2026· 37m 13s· 8 players
Game mode
Random Map
Map size
Large (8 player)
Population
200
Speed
Normal
Resources
Standard
Victory
Conquest
Starting age
Dark Age
Ending age
Imperial Age
RankedLock teamsTeams togetherTeam positionsShared explorationLock speedFull tech treeHidden civsTurbo modeCheats
Victory
Defeat
🇨🇦 Mongols · Canada
1620
+11
🇦🇺 Khmer · Australia
1496
+16
🇺🇸 Shu · United States
1424
+20
🇹🇷 Chinese · Türkiye
1421
+19
🇧🇷 Vietnamese · Brazil
1528
-18
🇺🇸 Koreans · United States
1511
-17
🇹🇷 Britons · Türkiye
1489
-16
🇺🇸 Magyars · United States
1470
-15
BomBomB0
3:36 Loom
11:46 Feudal Age
12:26 Double-Bit Axe
15:01 Fletching
15:16 Town Watch
19:13 Horse Collar
25:05 Castle Age
23:18 Gold Mining
25:19 Crossbowman
25:55 Bodkin Arrow
26:11 Bow Saw
26:57 Thumb Ring
27:32 Wheelbarrow
28:47 Ballistics
27:56 Pikeman
28:36 Squires
31:39 Squires
32:08 Elite Skirmisher
32:58 Scale Mail Armor
33:08 Forging
34:27 Hand Cart
KaLong
6:39 Loom
9:20 Feudal Age
11:31 Scale Barding Armor
13:29 Horse Collar
15:16 Double-Bit Axe
22:44 Castle Age
22:48 Bloodlines
27:09 Wheelbarrow
27:29 Bow Saw
27:35 Heavy Plow
28:46 Chain Barding Armor
30:38 Husbandry
30:47 Gold Mining
32:02 Gold Shaft Mining
37:22 Imperial Age
逆·风
9:42 Feudal Age
10:10 Double-Bit Axe
15:27 Bloodlines
16:43 Wheelbarrow
16:44 Town Watch
16:52 Gold Mining
18:13 Loom
22:37 Castle Age
21:05 Stone Mining
23:37 Bow Saw
23:07 Horse Collar
23:36 Scale Barding Armor
23:34 Husbandry
22:55 Light Cavalry
27:18 Heavy Plow
30:31 Hand Cart
30:48 Fletching
31:28 Padded Archer Armor
31:51 Bodkin Arrow
32:47 Chain Barding Armor
35:33 Imperial Age
33:47 Forging
34:44 Stone Shaft Mining
34:03 Treadmill Crane
34:54 Chain Barding Armor
36:43 Iron Casting
36:53 Plate Barding Armor
37:38 Two-Man Saw
37:16 Scale Mail Armor
The_ropztr
7:17 Loom
9:52 Feudal Age
14:01 Fletching
22:22 Castle Age
21:52 Double-Bit Axe
22:23 Crossbowman
23:17 Bodkin Arrow
25:28 Ballistics
28:39 Padded Archer Armor
29:36 Horse Collar
30:54 Bow Saw
31:44 Wheelbarrow
32:10 Town Watch
35:03 Hand Cart
ConquerKing360
11:34 Feudal Age
12:07 Town Watch
13:07 Loom
15:53 Castle Age
16:02 Scale Barding Armor
15:47 Double-Bit Axe
19:23 Husbandry
19:25 Horse Collar
21:24 Heavy Plow
22:50 Wheelbarrow
23:50 Bow Saw
26:34 Fletching
28:15 Gold Mining
35:03 Imperial Age
32:23 Pikeman
33:06 Scale Mail Armor
33:31 Ballistics
33:22 Bodkin Arrow
33:41 Squires
34:16 Coiled Serpent Array
34:16 Stone Mining
37:02 Gold Shaft Mining
37:27 Chain Mail Armor
37:36 Conscription
JARDANI1299
0:29 Loom
10:31 Feudal Age
11:22 Double-Bit Axe
25:10 Castle Age
28:00 Bow Saw
28:25 Fletching
30:00 Bodkin Arrow
ResonanceFreq
6:23 Loom
8:43 Feudal Age
9:21 Double-Bit Axe
10:26 Horse Collar
14:07 Town Watch
16:00 Forging
16:18 Scale Barding Armor
19:39 Castle Age
18:40 Forging
21:23 Bow Saw
25:28 Wheelbarrow
26:09 Heavy Plow
27:52 Gold Mining
28:47 Hand Cart
31:24 Imperial Age
29:58 Gold Shaft Mining
29:13 Stone Mining
31:08 Bloodlines
30:59 Husbandry
31:40 Chain Barding Armor
32:43 Crop Rotation
33:36 Plate Barding Armor
32:32 Elite Battle Elephant
34:19 Tusk Swords
34:40 Conscription
34:38 Caravan
35:09 Coinage
35:46 Iron Casting
36:26 Banking
37:36 Blast Furnace
Aron
1:45 Loom
9:46 Feudal Age
10:20 Man-at-Arms
13:29 Double-Bit Axe
16:47 Horse Collar
22:04 Castle Age
23:01 Bow Saw
23:29 Town Watch
24:23 Wheelbarrow
28:00 Heavy Plow
28:43 Gold Mining
28:44 Stone Mining
29:39 Fletching
30:38 Hand Cart
33:59 Imperial Age
31:36 Padded Archer Armor
31:49 Bodkin Arrow
32:46 Gold Shaft Mining
32:46 Stone Shaft Mining
34:02 Fortified Wall
34:08 Onager
34:57 Siege Engineers
35:54 Chemistry
35:48 Conscription
36:38 Drill
35:55 Siege Onager
Connection lost

Rejoining the realm…

Still unreachable

The connection could not be restored.

Session expired

The server has moved on; the page needs a fresh start.